 Dungeon Crawl Stone Soup version 0.20.0-3-g22ec75f (webtiles) character file.

55 Chiseanne the Vexing (level 3, -1/20 HPs)
             Began as a Deep Elf Arcane Marksman on May 27, 2017.
             Slain by an orc
             ... wielding a cursed -1 mace
              (5 damage)
             ... on level 3 of the Dungeon.
             The game lasted 00:05:36 (2601 turns).

Chiseanne the Vexing (Deep Elf Arcane Marksman)     Turns: 2601, Time: 00:05:36

Health: -1/20      AC:  5    Str:  8    XL:     3   Next: 67%
Magic:  6/9        EV: 11    Int: 17    God:
Gold:   92         SH:  0    Dex: 15    Spells: 6/7 levels left

rFire    . . .     SeeInvis .   a - +0 dagger
rCold    . . .     Gourm    .   (no shield)
rNeg     . . .     Faith    .   j - +0 ring mail
rPois    .         Spirit   .   (no helmet)
rElec    .         Reflect  .   (no cloak)
rCorr    .         Harm     .   (no gloves)
MR       .....                  (no boots)
Stlth    +.........             (no amulet)
Regen    0.1/turn               (no ring)
MPRegen  0.2/turn               (no ring)

@: very slightly contaminated
A: no striking features
a: no special abilities


You were on level 3 of the Dungeon.
You were not hungry.

You visited 1 branch of the dungeon, and saw 3 of its levels.

You collected 92 gold pieces.

Inventory:

Hand Weapons
 a - a +0 dagger (weapon)
 w - a +0 hunting sling
Missiles
 d - 30 sling bullets
 h - 26 stones (quivered)
 o - a javelin
Armour
 j - a +0 ring mail (worn)
Scrolls
 i - 2 scrolls of teleportation
 k - a scroll of recharging
 m - a scroll of identify
 p - a scroll of immolation {unknown}
Potions
 e - a potion of curing
 l - a potion of magic {unknown}
 n - a potion of degeneration {unknown}
Books
 c - a book of Debilitation

   Spells                             Type                      Level
   a - Corona                         Hexes                        1
   b - Slow                           Hexes                        2
   c - Inner Flame                    Hexes/Fire                   3
   d - Portal Projectile              Hexes/Translocation          3
   e - Cause Fear                     Hexes                        4
   f - Leda's Liquefaction            Hexes/Earth                  4
Comestibles
 b - a chunk of flesh
 f - 2 royal jellies
 g - 3 meat rations
 q - a bread ration


   Skills:
 * Level 1.3 Fighting
 - Level 1.6(1.7) Slings
 * Level 1.0(1.6) Throwing
 * Level 1.0 Armour
 * Level 3.0 Dodging
 * Level 2.7 Spellcasting
 * Level 4.0 Hexes


You had 6 spell levels left.
You knew the following spells:

 Your Spells              Type           Power        Failure   Level  Hunger
a - Corona                Hex            ###....      11%         1    #......


Dungeon Overview and Level Annotations

Branches:
Dungeon (3/15)

Altars:


Message History

The rat is severely wounded.
The rat barely misses you.
You hit the rat.
You kill the rat!
Your Armour skill increases to level 1!
You hit the orc but do no damage. The orc closely misses you.
Casting: Corona
Confirm with . or Enter, or press ? or * to list all spells.
Aiming: Corona
Press: ? - help, Shift-Dir - straight line, f - orc
Aim: an orc, wielding a mace and wearing a ring mail (chance to defeat MR: 71%)
You miscast Corona.
Nothing appears to happen.
The orc hits you with a mace!
* * * LOW HITPOINT WARNING * * *
Casting: Corona
Confirm with . or Enter, or press ? or * to list all spells.
Aiming: Corona
Press: ? - help, Shift-Dir - straight line, f/p - orc
Aim: an orc, wielding a mace and wearing a ring mail (chance to defeat MR: 71%)
The orc is outlined in light.
The orc hits you with a mace.
You die...

##..)#.#......
##......##.....
#.......# .....
#.......# ###..
#.......#### ##
##..........
#......(####
########..(....#
#....@o........#
#.#######....$..#
#.#..##.# ...###
.# ...## . ....
.>..# .....


You could see an orc.

Vanquished Creatures
  2 oozes (D:1)
  A dart slug (D:1)
  2 leopard geckos
  2 orcs (D:3)
  3 bats
  4 giant cockroaches
  6 goblins
  2 hobgoblins
  A ball python (D:1)
  2 frilled lizards (D:3)
  6 kobolds
  10 rats
41 creatures vanquished.

Notes
Turn   | Place    | Note
-------+----------+-------------------------------------------
     0 | D:1      | Chiseanne the Deep Elf Arcane Marksman began the quest for the Orb.
     0 | D:1      | Reached XP level 1. HP: 11/11 MP: 5/5
   239 | D:1      | Reached skill level 1 in Fighting
   310 | D:1      | Reached XP level 2. HP: 16/16 MP: 7/7
   692 | D:1      | You fall through a shaft!
  1408 | D:1      | Reached XP level 3. HP: 20/20 MP: 8/8
  2476 | D:3      | Reached skill level 1 in Throwing
  2598 | D:3      | Reached skill level 1 in Armour
  2601 | D:3      | Slain by an orc

Skill      XL: |  1  2  3 |
---------------+----------+-----
Spellcasting   | 2 |  2.7
Fighting       | 1 |  1.3
Dodging        | 3 |  3.0
Throwing       | 1 |  1.0
Armour         | 1 |  1.0
Slings         | |  1.6
Hexes          | |  4.0

Action                   || total
-------------------------++-------
Melee: Dagger            ||   155
 Fire: Hunting sling     ||    59
 Cast: Corona            ||    10
  Use: Scroll            ||     7
       Potion            ||     2
  Eat: Chunk             ||     1
       Bread ration      ||     1
Armor: Ring mail         ||    69
Dodge: Dodged            ||   108
